 Dungeon Crawl Stone Soup version 0.24.1-14-gf8d2b509d9 (webtiles) character file.

Game seed: 14400592054535565917, levelgen mode: deterministic

90 cheechan the Gusty (level 4, -5/27 HPs)
             Began as an Octopode Air Elementalist on Nov 30, 2021.
             Was an Initiate of Vehumet.
             Slain by a killer bee (6 damage)
             ... on level 4 of the Dungeon.
             The game lasted 00:13:23 (2933 turns).

cheechan the Gusty (Octopode Air Elementalist)      Turns: 2933, Time: 00:13:23

Health: -5/27      AC:  1    Str:  7    XL:     4   Next: 56%
Magic:  6/7        EV: 10    Int: 18    God:    Vehumet [......]
Gold:   152        SH:  6    Dex: 12    Spells: 4/8 levels left

rFire    . . .     SeeInvis .   c - +2 short sword
rCold    + . .     Gourm    .   n - +0 shield
rNeg     . . .     Faith    .   (helmet restricted)
rPois    .         Spirit   .   (no amulet)
rElec    .         Reflect  .   d - ring of protection from cold
rCorr    .         Harm     .   (no ring)
MR       .....     Clarity  +   (no ring)
Stlth    +++.......             (no ring)
HPRegen  0.09/turn              (no ring)
MPRegen  0.10/turn              (no ring)
                                (no ring)
                                (no ring)

@: lethally poisoned (-5 -> -17)
A: almost no armour, stealthy swim, amphibious, 8 rings, constrict 8, camouflage
1, blurry vision 1, clarity, gelatinous body 1
a: Renounce Religion


You were on level 4 of the Dungeon.
You worshipped Vehumet.
Vehumet was noncommittal.
You were not hungry.

You visited 2 branches of the dungeon, and saw 5 of its levels.

You collected 152 gold pieces.

Inventory:

Hand Weapons
 c - a +2 short sword (weapon)
Missiles
 a - 20 poisoned darts (quivered)
 e - 58 arrows
 i - a throwing net
 m - 10 sling bullets
 p - 26 bolts
Armour
 n - a +0 shield (worn)
Jewellery
 d - a ring of protection from cold (left tentacle)
Scrolls
 j - 4 scrolls of teleportation
 k - 4 scrolls of remove curse
Potions
 f - 2 potions of brilliance
 g - a potion of magic
 h - 2 potions of agility
 l - a potion of berserk rage
 o - a potion of ambrosia
 q - a potion of flight {unknown}
 r - a potion of heal wounds
 s - a potion of degeneration {unknown}
Comestibles
 b - 5 rations


   Skills:
 + Level 0.6 Fighting
 + Level 0.5 Short Blades
 + Level 2.3 Dodging
 + Level 3.4 Stealth
 + Level 0.4 Shields
 + Level 2.5 Spellcasting
 + Level 2.0 Conjurations
 + Level 3.6 Air Magic


You had 4 spell levels left.
You knew the following spells:

 Your Spells              Type           Power        Failure   Level  Hunger
a - Shock                 Conj/Air       ##..         34%         1    #......
b - Static Discharge      Conj/Air       ##......     71%         3    ###....

Your spell library contained the following spells:

 Spells                   Type           Power        Failure   Level  Hunger
 Swiftness                Chrm/Air       #.......     63%         2    ##.....
 Airstrike                Air            ###.......   94%         4    #####..
 Lightning Bolt           Conj/Air       ##........   100%        5    ######.


Dungeon Overview and Level Annotations

Branches:
Dungeon (4/15)             Temple (1/1) D:4

Altars:
Hepliaklqana
Makhleb
Qazlal
Ru
Sif Muna
Trog
Uskayaw
Vehumet
Wu Jian
Xom
Zin
The Shining One


Innate Abilities, Weirdness & Mutations

You cannot wear most types of armour.
You are very stealthy in the water. (Stealth+)
You are amphibious.
You can wear up to eight rings at the same time.
You can use your tentacles to constrict eight enemies at once.
Your skin changes colour to match your surroundings (Stealth+).
Your rubbery body absorbs attacks. (AC +1, EV +1)
Scrolls take you a little longer to read.
You possess an exceptional clarity of mind.


Message History

The killer bee stings you.
You are poisoned.
The killer bee poisons you!
You closely miss the killer bee. You grab the killer bee.
You constrict the killer bee.
You feel sick.
A killer bee comes into view.
You block the killer bee's attack. The killer bee stings you.
The killer bee moves out of view.
Okay, then.
Really read with blurry vision while enemies are nearby?
You constrict the killer bee. The killer bee stings you.
You are lethally poisoned!
The killer bee poisons you! The killer bee stings you!
* * * LOW HITPOINT WARNING * * *
You begin reading the scroll.
You continue reading the scroll.
You constrict the killer bee, but do no damage.
* * * LOW HITPOINT WARNING * * *
You feel sick. The killer bee barely misses you. x2
The killer bee stings you.
You die...

. .. # #.#
#w #.#
#.####.####
#......)..#
#......yy.#
#.......@.#
#.........#
#.........#
#.........#
#.####.####
#... #[#
#.##.# /..
#.# #....#
... #.#.
####.#


You could see 2 killer bees.

Vanquished Creatures
  3 adders
  A dart slug (D:4)
  2 leopard geckos
  3 orcs
  2 bats
  5 giant cockroaches
  4 goblins
  4 hobgoblins
  13 jackals
  A quokka (D:2)
  2 frilled lizards (D:1)
  4 kobolds
  4 rats
48 creatures vanquished.

Notes
Turn   | Place    | Note
-------+----------+-------------------------------------------
     0 | D:1      | cheechan the Octopode Air Elementalist began the quest for
                  | the Orb.
     0 | D:1      | Reached XP level 1. HP: 11/11 MP: 3/3
   253 | D:1      | Reached XP level 2. HP: 17/17 MP: 3/5
   736 | D:1      | Gained mutation: Scrolls take you a little longer to read.
                  | [potion of mutation]
   736 | D:1      | Gained mutation: You possess an exceptional clarity of
                  | mind. [potion of mutation]
   957 | D:2      | Reached XP level 3. HP: 20/22 MP: 0/6
  1578 | D:3      | Reached XP level 4. HP: 24/27 MP: 1/7
  1590 | D:3      | Learned a level 3 spell: Static Discharge
  1683 | D:3      | Found a glowing golden altar of the Shining One.
  2565 | D:4      | Found a staircase to the Ecumenical Temple.
  2606 | Temple   | Entered the Ecumenical Temple
  2868 | Temple   | Became a worshipper of Vehumet
  2933 | D:4      | HP: 1/27 [poisoned by a killer bee]
  2933 | D:4      | Slain by a killer bee

Levels and vault maps discovered:
D:1:      psy_arrival_fountain, layout_basic
D:2:      layout_loops_ring, first_ration, chequers_serial_rivers_micro_e
D:3:      layout_basic, tso_metal_star
D:4:      layout_basic, minitemple, minmay_temple_entry_statues_fountains
Temple:   minmay_temple_curvy_loop

Skill      XL: |  1  2  3  4 |
---------------+-------------+-----
Stealth        | 3 |  3.4
Conjurations   | 2 |  2.0
Fighting       | |  0.6
Short Blades   | |  0.5
Dodging        | |  2.3
Shields        | |  0.4
Spellcasting   | |  2.5
Air Magic      | |  3.6

Action                   |  1- 3 |  4- 6 || total
-------------------------+-------+-------++-------
Melee: Short sword       |    33 |    23 ||    56
       Constrict         |     9 |     6 ||    15
       Tentacles         |     7 |     4 ||    11
 Cast: Shock             |    39 |    23 ||    62
  Use: Scroll            |     8 |     6 ||    14
       Potion            |     3 |       ||     3
 Stab: Sleeping          |     1 |       ||     1
  Eat: Ration            |     1 |     1 ||     2
Armor: Skin              |     3 |     6 ||     9
Dodge: Dodged            |    20 |    18 ||    38
Block: Shield            |     2 |    11 ||    13
